 Dungeon Crawl Stone Soup version 0.27-a0-287-gd4424db430 (webtiles) character file.

Game seed: 2354555830138222139

42 vurker the Sneak (level 3, -1/18 HPs)
             Began as a Vine Stalker Enchanter on Feb 8, 2021.
             Slain by Sigmund
             ... wielding a +1 vorpal scythe
              (9 damage)
             ... on level 2 of the Dungeon.
             The game lasted 00:01:22 (1362 turns).

vurker the Sneak (Vine Stalker Enchanter)           Turns: 1362, Time: 00:01:22

Health: -1/18      AC:  3    Str: 11    XL:     3   Next: 54%
Magic:  0/7        EV: 12    Int: 15    God:
Gold:   70         SH:  0    Dex: 14    Spells: 5/6 levels left

rFire    . . .     SeeInvis .   e - +0 short sword (venom)
rCold    . . .     Faith    .   (no shield)
rNeg     . . .     Spirit   +   b - +0 robe
rPois    .         Reflect  .   (no helmet)
rElec    .         Harm     .   (no cloak)
rCorr    .         Rampage  .   (no gloves)
Will     .....                  k - +0 pair of boots
Stlth    ++........             (no amulet)
HPRegen  0.06/turn              (no ring)
MPRegen  0.10/turn              (no ring)

@: no status effects
A: fangs 2, magic shield, antimagic bite, no potion heal 3
a: no special abilities


You were on level 2 of the Dungeon.
You visited 1 branch of the dungeon, and saw 2 of its levels.

You collected 70 gold pieces.

Inventory:

Hand Weapons
 e - a +0 short sword of venom (weapon)
   (You found it on level 1 of the Dungeon)
Armour
 b - a +0 robe (worn)
 k - a +0 pair of boots (worn)
   (You found it on level 2 of the Dungeon)
Wands
 j - a wand of mindburst (5)
   (You found it on level 2 of the Dungeon)
Scrolls
 a - 2 scrolls of identify {unknown}
 f - a scroll of remove curse {unknown}
 g - 2 scrolls of teleportation {unknown}
 h - a scroll of noise {unknown}
Potions
 c - 2 potions of curing {unknown}
 d - 2 potions of mutation {unknown}
 i - a potion of heal wounds {unknown}


   Skills:
 + Level 1.4 Fighting
 - Level 0.8 Short Blades
 - Level 1.5 Dodging
 - Level 3.6 Stealth
 * Level 2.4 Unarmed Combat
 - Level 2.1 Spellcasting
 - Level 3.0 Hexes


You had 5 spell levels left.
You knew the following spells:

 Your Spells              Type           Power        Failure   Level
a - Corona                Hex            11%          6%          1

Your spell library contained the following spells:

 Spells                   Type           Power        Failure   Level
 Ensorcelled Hibernation  Hex/Ice        12%          19%         2
 Confusing Touch          Hex            10%          19%         3
 Tukima's Dance           Hex            10%          19%         3
 Dazzling Flash           Conj/Hex       12%          34%         3


Dungeon Overview and Level Annotations

Branches:
Dungeon (2/15)

Altars:

Annotations:
D:2 Sigmund


Innate Abilities, Weirdness & Mutations

You have extremely sharp teeth.
When hurt, damage is shared between your health and your magic reserves.
Your bite disrupts and absorbs the magic of your enemies.
Potions cannot restore your health.


Message History

A kobold comes into view.
Found a stone staircase leading up.
A kobold is nearby!
A kobold is nearby!
A kobold is nearby!
The kobold shouts!
The kobold hits you but does no damage.
You hit the kobold but do no damage. The kobold misses you.
You hit the kobold.
The kobold is poisoned.
The kobold closely misses you.
You miss the kobold. The kobold closely misses you.
You closely miss the kobold. You bite the kobold.
You kill the kobold!
No target in view!
No target in view!
No target in view!
No target in view!
No target in view!
No target in view!
Found a robe.
Found a stone staircase leading down.
There is a stone staircase leading up here.
Found 25 arrows.
You see here 25 arrows.
Found 12 gold pieces.
Found a stone staircase leading up.
Found a glowing golden potion.
You now have 61 gold pieces (gained 12).
Found 9 gold pieces.
d - 2 glowing golden potions (gained 1)
You now have 70 gold pieces (gained 9).
Sigmund the Dreaded comes into view.
He is wielding a +1 vorpal scythe.
The helpless Sigmund fails to defend himself.
You puncture Sigmund!
Sigmund is poisoned.
Sigmund drinks a potion.
Sigmund seems to speed up.
You closely miss Sigmund. Your bite misses Sigmund.
Sigmund casts a spell at himself.
Sigmund flickers and vanishes!
Deactivating autopickup; reactivate with Ctrl-A.
Something hits you!
* * * LOW HITPOINT WARNING * * *
You miss something. Something hits you.
* * * LOW HITPOINT WARNING * * *
You hit something but do no damage. Your bite misses something.
You hear some strange, mumbled words.
A puff of flame appears from out of thin air!
The puff of flame misses you.
You barely miss something. Your bite misses something. Something hits you!
Ouch! That really hurt!
You die...

#.##....# #.##...........#
#.......#
............######
#<......#
###...............
#.##.##.# #..........####.
##.##...... #..........#
...#####.#.#####.##.##.#.#
#..#####.#..........##.#.#
#........# ####........#.#
.....#### #..@#####.#..
#.##.# #...{.....# #
#.##.# #...####### #....#
#...# ###..# #...# ###..#
#...# .....# ..... #.####
...... #.#


There were no monsters in sight!

Vanquished Creatures
  An adder (D:2)
  A dart slug (D:1)
  A leopard gecko (D:2)
  2 giant cockroaches (D:1)
  7 goblins (D:1)
  2 hobgoblins (D:1)
  2 kobolds
  2 bats (D:1)
  8 frilled lizards
  3 rats (D:1)
29 creatures vanquished.

Notes
Turn   | Place    | Note
-------+----------+-------------------------------------------
     0 | D:1      | vurker the Vine Stalker Enchanter began the quest for the
                  | Orb.
     0 | D:1      | Reached XP level 1. HP: 9/9 MP: 4/4
   154 | D:1      | Reached skill level 1 in Unarmed Combat
   315 | D:1      | Reached XP level 2. HP: 14/14 MP: 6/6
   731 | D:1      | Reached skill level 1 in Fighting
   853 | D:1      | Reached XP level 3. HP: 18/18 MP: 7/7
  1356 | D:2      | Noticed Sigmund
  1362 | D:2      | Slain by Sigmund

Illustrated notes

Levels and vault maps discovered:
D:1:      dpeg_arrival_orchard, layout_basic, minivault_5, st_stairs_3
D:2:      layout_loops_cross, uniq_terence, uniq_sigmund

Skill      XL: |  1  2 |
---------------+-------+-----
Unarmed Combat | 1 2 |  2.4
Fighting       | 1 |  1.4
Short Blades   | |  0.8
Dodging        | |  1.5
Stealth        | |  3.6
Spellcasting   | |  2.1
Hexes          | |  3.0

Action                   || total
-------------------------++-------
Melee: Dagger            ||    15
       Short sword       ||    53
       Bite              ||    10
 Stab: Sleeping          ||     7
       Distracted        ||     2
Armor: Robe              ||     9
Dodge: Dodged            ||    26

Table legend: (Time is in decaauts)
 A = Elapsed time spent in this place.
 B = Non-inter-level travel time spent in this place.
 C = Inter-level travel time spent in this place.
 D = Time resting spent in this place.
 E = Time spent auto-exploring this place.
 F = Levels seen in this place.
 G = Mean time per level.
                   A        B        C        D        E       F      G
               +--------+--------+--------+--------+--------+-----+--------+
         Total |   1364 |   1364 |      0 |      0 |   1165 |   2 |  682.0 |
       Dungeon |   1364 |   1364 |      0 |      0 |   1165 |   2 |  682.0 |
               +--------+--------+--------+--------+--------+-----+--------+

Top non-repeatable levels by time:
     D:1: 1201 daAuts
     D:2: 162 daAuts
